Selects Australian Defense Battlegroup
Construct Section Command Post
Construct Platoon Command Post
Selects CMP 15cwt Supply Run
6-pounder Anti-tank Gun Team
Selects Reinforced Resource Caches
Unlock M3 Stuart Light Tanks
Selects Charged Creeping Barrage
Construct Field Infirmary
6-pounder Anti-tank Gun Team
Selects Australian Light Infantry Section
Selects 2-pounder Anti-tank Gun Team
Selects Vehicle Over Repair
Unlock Bishop Self-propelled Artillery
Bishop Self-propelled Artillery
Bishop Self-propelled Artillery